cohdb
Replays
Latest Replays
All Replays
Popular Replays
Top Player Replays
Match Explorer
How It Works
Community
CoH3 Stats
Reddit
Sign in to upload your games and track your stats! →
Sign in with Steam
Match 43885852
Unlisted
Match 43885852
Overview
Messages
Build Orders
End
Kradschützen Motorcycle Team
Panzerpioneer Squad
Selects Battlefield Espionage Battlegroup
Panzerpioneer Squad
Panzerpioneer Squad
Construct Light Support Kompanie
2.5-tonne Medical Truck
Fire Support Elements
Selects Intel Disruption Beacon
Selects 250/3 Funkpanzerwagen
Pak 38 Mechanized Group
Panzerjäger Squad
Veteran Squad Leaders
Construct Panzerarmee Kommand
Walking Stuka Rocket Launcher
Selects Advanced Ambush Training
Flak 36 Anti-tank Gun Team
Tungsten Core Ammunition
MG34 Team
Selects Plunder
Armored Reserves
MG34 Team
MG34 Team
Selects Plunder
Selects Disruption Operation
MG34 Team
Selects Operation Skorpion
Tiger Heavy Tank
Panzerpioneer Squad
Flak 36 Anti-tank Gun Team
Disruption Operation
Panzerpioneer Squad
2.5-tonne Medical Truck
Panzerpioneer Squad
Flak 36 Anti-tank Gun Team
Seshagrantch
VX6 (Echofretzz)
Nukepapa
stunta
0
0
Comments
sign in to comment!
No comments posted yet!